 Dungeon Crawl Stone Soup version 0.26.0-45-g9c1d065592 (webtiles) character file.

Game seed: 18436463334219514036

(classic levelgen) 95 thiole the Magician (level 4, -1/29 HPs)
             Began as an Octopode Hedge Wizard on Jan 28, 2021.
             Killed by divine providence
             ... invoked by an orc priest
              (16 damage)
             ... on level 3 of the Dungeon.
             The game lasted 00:05:48 (3301 turns).

thiole the Magician (Octopode Hedge Wizard)         Turns: 3301, Time: 00:05:49

Health: -1/29      AC:  1    Str:  9    XL:     4   Next: 65%
Magic:  7/8        EV: 13    Int: 17    God:
Gold:   63         SH:  0    Dex: 11    Spells: 8/9 levels left

rFire    . . .     SeeInvis .   a - +0 dagger
rCold    . . .     Faith    .   (no shield)
rNeg     . . .     Spirit   .   b - +0 hat
rPois    .         Reflect  .   (no amulet)
rElec    .         Harm     .   (no ring)
rCorr    .         Rampage  .   (no ring)
Will     .....                  (no ring)
Stlth    +++.......             (no ring)
HPRegen  0.09/turn              (no ring)
MPRegen  0.11/turn              (no ring)
                                (no ring)
                                (no ring)

@: no status effects
A: almost no armour, stealthy swim, amphibious, 8 rings, constrict 8, camouflage
1, gelatinous body 1
a: no special abilities


You were on level 3 of the Dungeon.
You visited 1 branch of the dungeon, and saw 3 of its levels.

You collected 63 gold pieces.

Inventory:

Hand Weapons
 a - a +0 dagger (weapon)
 h - a +0 hunting sling
Missiles
 d - 113 stones
Armour
 b - a +0 hat (worn)
Jewellery
 e - an uncursed ring of fire
Scrolls
 f - 2 scrolls of identify {unknown}
 g - a scroll of amnesia {unknown}
 j - a scroll of fear {unknown}
 k - a scroll of fog {unknown}
 l - 2 scrolls of remove curse {unknown}
 m - a scroll of magic mapping {unknown}
Potions
 c - a potion of brilliance {unknown}
 i - a potion of flight {unknown}


   Skills:
 - Level 2.0 Fighting
 - Level 2.0 Dodging
 - Level 2.6 Stealth
 - Level 3.0 Spellcasting
 - Level 3.0 Conjurations
 - Level 2.0 Summonings
 - Level 1.0 Translocations
 + Level 0.7 Air Magic


You had 8 spell levels left.
You knew the following spells:

 Your Spells              Type           Power        Failure   Level
a - Magic Dart            Conj           48%          4%          1

Your spell library contained the following spells:

 Spells                   Type           Power        Failure   Level
 Call Imp                 Summ           9%           12%         2
 Blink                    Tloc           N/A          17%         2
 Slow                     Hex            2%           26%         2
 Conjure Flame            Conj/Fire      7%           28%         3
 Mephitic Cloud           Conj/Pois/Air  6%           30%         3


Dungeon Overview and Level Annotations

Branches:
Dungeon (3/15)

Altars:
Ashenzari
Ru
Trog
Wu Jian


Innate Abilities, Weirdness & Mutations

You cannot wear most types of armour.
You are very stealthy in the water. (Stealth+)
You are amphibious.
You can wear up to eight rings at the same time.
You can use your tentacles to constrict eight enemies at once.
Your skin changes colour to match your surroundings (Stealth+).
Your rubbery body absorbs attacks. (AC +1, EV +1)


Message History

You constrict the orc priest. The orc priest barely misses you.
You hit the orc priest but do no damage.
The orc priest is lightly wounded.
You constrict the orc priest.
You hit the orc priest but do no damage.
The orc priest is moderately wounded.
You constrict the orc priest.
The orc priest miscasts a cantrip.
Casting: Magic Dart (safe; 4% risk of failure)
Confirm with . or Enter, or press ? or * to list all spells.
Aiming: Magic Dart (safe; 4% risk of failure)
Press: ? - help, Shift-Dir - straight line, f - orc priest
Aim: an orc priest, wielding a +2 vorpal falchion (moderately wounded, constricted by you, 0% to evade)
The magic dart hits the orc priest.
The orc priest is heavily wounded.
You constrict the orc priest.
The orc priest invokes the aid of Beogh against you.
Beogh smites you!
Ouch! That really hurt!
You die...

#..................#.#.
#.##.......#######.#.#.
#........#.#######.#.#.
#......................
#.##.#.....#######.#.#.
#. #.#.....# #.#.## #
#.##....# #.#.#
#.##....# #.#.#
#.#@o...# #.#.#
#.#.....# #.#.#
#........#.#######.#.#
#.##.....#.......o...#
#################.###
o.o.......o.......#
###################


You could see an orc priest.

Vanquished Creatures
  Robin (D:2)
  An adder (D:2)
  2 oozes
  3 dart slugs
  A leopard gecko (D:2)
  12 goblins
  14 hobgoblins
  2 jackals (D:2)
  A quokka (D:2)
  A ball python (D:1)
  5 bats
  2 frilled lizards (D:1)
  3 kobolds
  7 rats
55 creatures vanquished.

Notes
Turn   | Place    | Note
-------+----------+-------------------------------------------
     0 | D:1      | thiole the Octopode Hedge Wizard began the quest for the
                  | Orb.
     0 | D:1      | Reached XP level 1. HP: 11/11 MP: 4/4
   142 | D:1      | Reached XP level 2. HP: 8/17 MP: 0/6
   880 | D:1      | Reached XP level 3. HP: 21/21 MP: 1/7
  1266 | D:2      | Reached skill level 1 in Fighting
  1535 | D:2      | Noticed Robin
  1543 | D:2      | Killed Robin
  1544 | D:2      | Reached XP level 4. HP: 25/29 MP: 1/8
  1951 | D:2      | Found an ornate altar of the Wu Jian Council.
  1982 | D:2      | Found a broken altar of Ashenzari.
  2129 | D:2      | Found a sacrificial altar of Ru.
  2455 | D:2      | Found a bloodstained altar of Trog.
  2756 | D:3      | Found a faded altar of an unknown god.
  3301 | D:3      | Killed from afar by an orc priest

Illustrated notes

Levels and vault maps discovered:
D:1:      dpeg_arrival_tiny_h, layout_rooms, minmay_misc_feat_more_columns,
          dk_noncrumbling_2, minivault_26
D:2:      layout_basic, lemuel_round_altar, nicolae_ashenzari_panopticon,
          nicolae_ru_sacrificial_ziggurat, lemuel_coloured_pillars_altar,
          hex_large, uniq_robin
D:3:      layout_basic, lemuel_crystal_altar,
          chequers_ecumenical_altar_simple_redux

Skill      XL: |  1  2  3  4 |
---------------+-------------+-----
Conjurations   | 2 3 |  3.0
Fighting       | 2 |  2.0
Summonings     | 2 |  2.0
Dodging        | |  2.0
Stealth        | |  2.6
Spellcasting   | |  3.0
Translocations | |  1.0
Air Magic      | |  0.7

Action                   |  1- 3 |  4- 6 || total
-------------------------+-------+-------++-------
Melee: Dagger            |    20 |    41 ||    61
       Constrict         |     7 |    10 ||    17
       Tentacles         |     4 |     4 ||     8
 Cast: Magic Dart        |    74 |    23 ||    97
 Stab: Sleeping          |     1 |     4 ||     5
Armor: Skin              |     2 |     5 ||     7
Dodge: Dodged            |    15 |    21 ||    36
